 Dungeon Crawl Stone Soup version 0.27.1-34-g3ba077fa99 (webtiles) character file.

Game seed: 6609437751168337105

600 belegose the Cudgeller (level 7, -1/91 HPs)
             Began as a Minotaur Berserker on Jan 4, 2022.
             Was a Priest of Trog.
             Killed by nerve-wracking pain
             ... invoked by an orc priest
              (11 damage)
             ... on level 4 of the Dungeon.
             The game lasted 00:06:37 (3850 turns).

belegose the Cudgeller (Minotaur Berserker)         Turns: 3850, Time: 00:06:38

Health: -1/91      AC:  9    Str: 22    XL:     7   Next: 18%
Magic:  6/6        EV:  9    Int:  6    God:    Trog [***...]
Gold:   183        SH:  0    Dex:  9    Spells: 6/6 levels left

rFire    . . .     SeeInvis .   a - +0 mace
rCold    . . .     Faith    .   (no shield)
rNeg     . . .     Spirit   .   j - +0 chain mail
rPois    .         Reflect  .   (helmet restricted)
rElec    .         Harm     .   (no cloak)
rCorr    .         Rampage  .   (no gloves)
Will     .....                  (no boots)
Stlth    ..........             (no amulet)
HPRegen  0.25/turn              (no ring)
MPRegen  0.10/turn              (no ring)

@: berserking, very quick
A: horns 2, retaliatory headbutt
a: Renounce Religion, Berserk, Trog's Hand


You were on level 4 of the Dungeon.
You worshipped Trog.
Trog was most pleased with you.
You visited 1 branch of the dungeon, and saw 4 of its levels.

You collected 183 gold pieces.

Inventory:

Hand Weapons
 a - a +0 mace (weapon)
 m - a +2 antimagic dagger
Missiles
 d - 163 stones (quivered)
 g - 18 poisoned darts
Armour
 j - a +0 chain mail (worn)
Jewellery
 q - the ring of the Mage {Wiz Will++ Int+3}
   (You found it on level 4 of the Dungeon)

   [ring of wizardry]

   It improves your spell success rate.
   Int:       It affects your intelligence (+3).
   Will:      It greatly increases your willpower.
Scrolls
 e - 2 scrolls of magic mapping {unknown}
 f - 2 scrolls of immolation {unknown}
 n - 2 scrolls of fear {unknown}
 p - 2 scrolls of identify {unknown}
Potions
 b - a potion of lignification {unknown}
 c - 3 potions of curing {unknown}
 h - a potion of heal wounds {unknown}
 i - a potion of invisibility {unknown}
 k - a potion of flight {unknown}
 l - a potion of berserk rage {unknown}
 o - a potion of cancellation {unknown}


   Skills:
 + Level 5.5 Fighting
 + Level 5.5 Maces & Flails
 + Level 3.0 Throwing
 + Level 4.7 Armour
 + Level 4.3 Dodging


You had 6 spell levels left.
You didn't know any spells.
Your spell library was empty.

Dungeon Overview and Level Annotations

Branches:
Dungeon (4/15)
 Temple: D:4-7

Altars:

Annotations:
D:4 1 runed translucent door, Crazy Yiuf


Innate Abilities, Weirdness & Mutations

You have a pair of horns on your head.
You reflexively headbutt those who attack you in melee.


Message History

The orc priest hits you with a +0 short sword.
You closely miss the orc priest.
The orc throws a boomerang.
The boomerang closely misses you.
The orc priest hits you but does no damage.
The orc priest mumbles some strange prayers to Beogh against you.
Beogh smites you!
You hit the orc priest but do no damage.
You headbutt the orc priest.
The orc priest is lightly wounded.
The orc priest mumbles some strange prayers to Beogh against you.
Pain shoots through your body!
* * * LOW HITPOINT WARNING * * *
Unknown command.
You closely miss the orc priest.
The orc priest is lightly wounded.
The orc priest hits you with a +0 short sword.
* * * LOW HITPOINT WARNING * * *
The orc priest looks braver for a moment.
Unknown command.
A red film seems to cover your vision as you go berserk!
You feel yourself moving faster!
You feel mighty! The orc hits you but does no damage.
The orc priest hits you but does no damage.
The orc barely misses you.
The orc priest invokes the aid of Beogh against you.
Beogh smites you!
* * * LOW HITPOINT WARNING * * *
You thump the orc priest! Your headbutt misses the orc priest.
The orc priest is almost dead.
The orc hits you but does no damage.
The orc priest miscasts a cantrip.
The orc hits you with a +0 short sword.
* * * LOW HITPOINT WARNING * * *
Unknown command.
You closely miss the orc priest. Your headbutt misses the orc priest.
The orc priest is almost dead.
The orc hits you but does no damage.
The orc priest calls down the wrath of Beogh upon you.
Pain shoots through your body!
You die...

#. .....#
#...<....##...##.
......##................
.......................
......................
###..#.................
#......................
#....oo...............#
#....o@...#.)...##.####
##.##.o.........†...###
##..####..#.#####..
#######.##....###.
##...........#.
#..............
##.#.........##
###..#.........)#
#....#..........)


You could see 2 orc priests and 2 orcs.

Vanquished Creatures
  Sigmund (D:4)
  An ogre (D:4)
  A phantom (D:4)
  A jelly (D:3)
  An iguana (D:4)
  2 orc wizards (D:3)
  A hound skeleton (D:4)
  Robin (D:2)
  3 adders
  2 adder skeletons (D:4)
  A worm (D:3)
  4 dart slugs
  15 orcs
  6 endoplasms
  5 giant cockroaches
  11 goblins
  6 hobgoblins
  4 jackals (D:1)
  2 quokkas
  3 ball pythons
  4 bats
  A frilled lizard (D:1)
  11 kobolds
  4 rats (D:2)
91 creatures vanquished.

Notes
Turn   | Place    | Note
-------+----------+-------------------------------------------
     0 | D:1      | belegose the Minotaur Berserker began the quest for the
                  | Orb.
     0 | D:1      | Reached XP level 1. HP: 19/19 MP: 0/0
   314 | D:1      | Reached XP level 2. HP: 26/27 MP: 1/1
   714 | D:1      | Reached ** piety under Trog
   715 | D:1      | Reached XP level 3. HP: 33/33 MP: 2/2
  1005 | D:2      | Reached skill level 1 in Throwing
  1247 | D:2      | You fall into a shaft and drop 1 floor!
  1317 | D:3      | Reached XP level 4. HP: 5/40 MP: 3/3
  1891 | D:2      | Found a faded altar of an unknown god.
  2089 | D:2      | Noticed Robin
  2103 | D:2      | Killed Robin
  2103 | D:2      | Reached *** piety under Trog
  2104 | D:2      | Reached XP level 5. HP: 34/47 MP: 4/4
  3118 | D:4      | Noticed Sigmund
  3261 | D:4      | Killed Sigmund
  3262 | D:4      | Reached skill level 5 in Fighting
  3262 | D:4      | Reached skill level 5 in Maces & Flails
  3262 | D:4      | Reached XP level 6. HP: 56/56 MP: 5/5
  3394 | D:4      | Reached XP level 7. HP: 39/61 MP: 6/6
  3557 | D:4      | Found the ring of the Mage {Wiz Will++ Int+3}
  3591 | D:4      | Found a runed translucent door.
  3592 | D:4      | Noticed Crazy Yiuf
  3850 | D:4      | Killed from afar by an orc priest

Illustrated notes

Levels and vault maps discovered:
D:1:      minmay_arrival_five_plusses, layout_basic
D:2:      layout_loops_ring, dreamdust_ecumenical_altar_angels_and_demons,
          uniq_robin
D:3:      layout_rooms, serial_rivers, chequers_serial_rivers_micro_d,
          chequers_serial_rivers_large_b, chequers_serial_rivers_small_a,
          chequers_serial_rivers_large_a, kennysheep_generic_room_2
D:4:      layout_cave_pools, mainiacjoe_overflow_alcove_1, uniq_grinder,
          uniq_crazy_yiuf_cottage, uniq_edmund, uniq_sigmund

Skill      XL: |  1  2  3  4  5  6 |
---------------+-------------------+-----
Fighting       | 4 5 |  5.5
Maces & Flails | 4 5 |  5.5
Throwing       | 1 2 3 |  3.0
Armour         | 3 4 |  4.7
Dodging        | 3 4 |  4.3

Action                   |  1- 3 |  4- 6 |  7- 9 || total
-------------------------+-------+-------+-------++-------
Melee: Mace              |    84 |   104 |    30 ||   218
       Headbutt          |    16 |    14 |     6 ||    36
Invok: Berserk           |       |     1 |     1 ||     2
Armor: Animal skin       |    15 |       |       ||    15
       Chain mail        |       |    52 |    13 ||    65
Dodge: Dodged            |    53 |    48 |    18 ||   119
